 Dungeon Crawl Stone Soup version 0.29.1-1-gd02db6906a (webtiles) character file.

Game seed: 10591181486236552050

122 LabCoat the Trooper (level 5, -1/46 HPs)
             Began as a Hill Orc Fighter on Sept 30, 2022.
             Slain by an orc
             ... wielding a +1 flail of holy wrath
              (6 damage)
             ... on level 3 of the Dungeon.
             The game lasted 00:07:13 (2686 turns).

LabCoat the Trooper (Hill Orc Fighter)              Turns: 2686, Time: 00:07:14

Health: -1/46      AC: 11    Str: 21    XL:     5   Next: 6%
Magic:  5/5        EV:  5    Int:  8    God:
Gold:   149        SH:  5    Dex: 10    Spells: 4/4 levels left

rFire   . . .      SeeInvis .   a - +0 war axe
rCold   . . .      Faith    .   c - +1 buckler
rNeg    . . .      Spirit   .   k - +0 plate armour
rPois   .          Reflect  .   (no helmet)
rElec   .          Harm     .   (no cloak)
rCorr   +          Rampage  .   (no gloves)
Will    .....                   (no boots)
Stlth   ..........              (no amulet)
HPRegen 0.15/turn               d - ring of resist corrosion
MPRegen 0.09/turn               (no ring)

@: no status effects
A: no striking features
a: no special abilities


You were on level 3 of the Dungeon.
You visited 1 branch of the dungeon, and saw 3 of its levels.

You collected 149 gold pieces.

Inventory:

Hand Weapons
 a - a +0 war axe (weapon)
Armour
 c - a +1 buckler (worn)
 k - a +0 plate armour (worn)
Jewellery
 d - a ring of resist corrosion (left hand)
Potions
 b - 2 potions of attraction {unknown}
 e - a potion of lignification {unknown}
 f - a potion of flight {unknown}
 g - 2 potions of brilliance {unknown}
 h - 2 potions of berserk rage
 i - a potion of heal wounds {unknown}
 j - a potion of curing {unknown}


   Skills:
 + Level 4.3 Fighting
 * Level 4.2 Axes
 + Level 1.2 Throwing
 + Level 3.7 Armour
 + Level 3.9 Shields
 + Level 1.2 Evocations


You had 4 spell levels left.
You didn't know any spells.
Your spell library contained the following spells:

 Spells                   Type           Power      Damage    Failure   Level
 Dazzling Flash           Conj/Hex       0%         N/A       100%        3
 Agony                    Necr           0%         N/A       100%        5
 Silence                  Hex/Air        0%         N/A       100%        5


Dungeon Overview and Level Annotations

Branches:
Dungeon (3/15)

Altars:


Message History

The orc wizard is moderately wounded.
The orc wizard hits you but does no damage.
You hit the orc wizard.
The orc wizard is severely wounded.
The orc wizard hits you but does no damage.
The orc wizard gestures wildly while chanting.
The orc wizard flickers and vanishes!
Deactivating autopickup; reactivate with Ctrl-A.
You barely miss something.
You hear some strange, mumbled words.
A magic dart appears from out of thin air!
The magic dart hits you but does no damage.
You barely miss something. Something completely misses you.
You closely miss something.
Something hits you but does no damage. x2
You slash something!
Reactivating autopickup.
You feel a bit more experienced.
You have reached level 5!
You feel stronger.
You hit the orc but do no damage. The orc hits you but does no damage.
You closely miss the orc. The orc hits you but does no damage. x2
You hit the orc.
The orc is almost dead.
The orc hits you with a +1 flail of holy wrath.
You barely miss the orc.
The orc is almost dead.
The orc hits you but does no damage.
You closely miss the orc.
The orc is almost dead.
The orc barely misses you.
The orc hits you with a +1 flail of holy wrath!
* * * LOW HITPOINT WARNING * * *
You barely miss the orc.
The orc is almost dead.
The orc hits you with a +1 flail of holy wrath!
* * * LOW HITPOINT WARNING * * *
You barely miss the orc.
The orc is almost dead.
The orc hits you with a +1 flail of holy wrath.
You die...

.. .# ##.##
###...###.# #
#.........
#.##.#..o###.#
#...o..o<....#
####o##.######
#@# .# #.# .#
#.# .#
###.##.#
#.[....##
####.......#
.......<.†.#
####.....#>#
#.....#.#


You could see 2 orcs.

Vanquished Creatures
  Terence (D:2)
  An orc wizard (D:3)
  2 adders (D:2)
  2 worms (D:2)
  2 dart slugs
  An orc (D:3)
  7 endoplasms
  2 goblins (D:1)
  4 hobgoblins
  4 jackals (D:1)
  A quokka (D:1)
  2 ball pythons
  4 bats
  2 frilled lizards
  4 kobolds
  6 rats
45 creatures vanquished.

Notes
Turn   | Place    | Note
-------+----------+-------------------------------------------
     0 | D:1      | LabCoat the Hill Orc Fighter began the quest for the Orb.
     0 | D:1      | Reached XP level 1. HP: 19/19 MP: 1/1
   517 | D:1      | Reached XP level 2. HP: 23/27 MP: 2/2
  1420 | D:2      | Reached XP level 3. HP: 30/33 MP: 3/3
  2019 | D:2      | Found a faded altar of an unknown god.
  2176 | D:2      | Reached skill level 1 in Evocations
  2176 | D:2      | Reached XP level 4. HP: 40/40 MP: 4/4
  2205 | D:2      | Noticed Terence
  2216 | D:2      | Killed Terence
  2217 | D:2      | Reached skill level 1 in Throwing
  2680 | D:3      | Reached XP level 5. HP: 23/46 MP: 5/5
  2686 | D:3      | Slain by an orc

Illustrated notes

Levels and vault maps discovered:
D:1:      saegor_arrival_simple_d, layout_basic
D:2:      layout_basic, basic_ecumenical_altar, uniq_terence
D:3:      layout_loops_ring, mainiacjoe_overflow_catwalk_spiral,
          amethyst_killhole

Skill      XL: |  1  2  3  4 |
---------------+-------------+-----
Axes           | 3 4 |  4.2
Fighting       | 4 |  4.3
Evocations     | 1 |  1.2
Throwing       | 1 |  1.2
Armour         | |  3.7
Shields        | |  3.9

Action                   |  1- 3 |  4- 6 || total
-------------------------+-------+-------++-------
Melee: War axe           |   116 |    52 ||   168
  Use: Scroll            |     3 |     1 ||     4
       Potion            |     1 |       ||     1
Armor: Scale mail        |    40 |     4 ||    44
       Plate armour      |       |    23 ||    23
Dodge: Dodged            |    46 |    17 ||    63
Block: Buckler           |    24 |    12 ||    36
